 Dungeon Crawl Stone Soup version 0.29.1-15-g9cfb28693d (webtiles) character file.

Game seed: 3325268933013162823

660 croobank the Conjurer (level 7, -3/51 HPs)
             Began as a Gnoll Conjurer on May 2, 2023.
             Was a Priest of Kikubaaqudgha.
             Slain by Pikel
             ... wielding a +1 whip of freezing
              (10 damage)
             ... on level 4 of the Dungeon.
             The game lasted 01:27:12 (5261 turns).

croobank the Conjurer (Gnoll Conjurer)              Turns: 5261, Time: 01:27:12

Health: -3/51      AC:  2    Str:  6    XL:     7   Next: 56%
Magic:  11/15      EV: 14    Int: 23    God:    Kikubaaqudgha [***...]
Gold:   258        SH:  0    Dex: 17    Spells: 7/17 levels left

rFire   . . .      SeeInvis .   D - +5 short sword "Tugey" {vorpal, Will+ Int+4}
rCold   . . .      Faith    .   (no shield)
rNeg    . . .      Spirit   .   k - +0 robe
rPois   .          Reflect  .   (no helmet)
rElec   .          Harm     .   (no cloak)
rCorr   .          Rampage  .   (no gloves)
Will    +....                   (no boots)
Stlth   +++.......              (no amulet)
HPRegen 0.17/turn               g - +6 ring of dexterity
MPRegen 0.14/turn               (no ring)

@: no status effects
A: fangs 1, strong nose, distributed training
a: Renounce Religion, Unearth Wretches


You were on level 4 of the Dungeon.
You worshipped Kikubaaqudgha.
Kikubaaqudgha was most pleased with you.
You visited 1 branch of the dungeon, and saw 5 of its levels.
You also visited: Sewer.

You collected 258 gold pieces.

Inventory:

Hand Weapons
 a - a +0 dagger
 b - a +0 sling
 d - a +2 dagger of venom
 q - a +0 war axe
 y - a +1 short sword of speed
 D - the +5 short sword "Tugey" (weapon) {vorpal, Will+ Int+4}
   (You found it on level 4 of the Dungeon)

   It inflicts extra damage upon your enemies.
   Int:       It affects your intelligence (+4).
   Will:      It increases your willpower.
Missiles
 c - 11 poisoned darts (quivered)
Armour
 e - the +5 scale mail of Articulation {rF+ rC++ Str-3 Slay+3}
   (You found it on level 3 of the Dungeon)

   Str:       It affects your strength (-3).
   Slay:      It affects your accuracy & damage with ranged weapons and melee
   (+3).
   rF:        It protects you from fire.
   rC:        It greatly protects you from cold.
 k - a +0 robe (worn)
 m - a +0 leather armour
 n - an orb of wrath
 o - an orb of guile
Magical Staves
 B - a staff of poison
Jewellery
 g - a +6 ring of dexterity (left hand)
Scrolls
 t - a scroll of enchant weapon {unknown}
 w - a scroll of immolation
 x - a scroll of enchant armour {unknown}
 z - a scroll of fear {unknown}
 C - 3 scrolls of blinking {unknown}
Potions
 f - 5 potions of haste {unknown}
 h - a potion of mutation
 i - a potion of flight
 j - a potion of invisibility {unknown}
 l - a potion of might
 p - a potion of lignification {unknown}
 s - a potion of cancellation
 v - 2 potions of heal wounds {unknown}
 A - 2 potions of attraction {unknown}


   Skills:
 + Level 2.6 Fighting
 + Level 2.6 Short Blades
 + Level 2.6 Long Blades
 + Level 2.6 Axes
 + Level 2.6 Maces & Flails
 + Level 2.6 Polearms
 + Level 2.6 Staves
 + Level 2.6 Ranged Weapons
 + Level 2.6 Throwing
 + Level 2.6 Armour
 + Level 5.3 Dodging
 + Level 5.0 Stealth
 + Level 2.6 Shields
 + Level 2.6 Unarmed Combat
 + Level 5.7 Spellcasting
 + Level 7.4 Conjurations
 + Level 2.1 Hexes
 + Level 2.1 Summonings
 + Level 2.1 Necromancy
 + Level 2.1 Translocations
 + Level 2.1 Transmutations
 + Level 2.1 Fire Magic
 + Level 2.1 Ice Magic
 + Level 2.1 Air Magic
 + Level 2.1 Earth Magic
 + Level 2.1 Poison Magic
 + Level 3.0 Invocations
 + Level 2.6 Evocations


You had 7 spell levels left.
You knew the following spells:

 Your Spells              Type           Power      Damage    Failure   Level
a - Magic Dart            Conj           100%       1d8       1%          1
b - Searing Ray           Conj           82%        2d7       1%          2
c - Dazzling Flash        Conj/Hex       56%        N/A       3%          3
d - Iskenderun's Mystic   Conj/Tloc      28%        2d7       12%         4

Your spell library contained the following spells:

 Spells                   Type           Power      Damage    Failure   Level
 Necrotise                Necr           64%        1d7       3%          1
 Ensorcelled Hibernation  Hex/Ice        32%        N/A       5%          2
 Passwall                 Tmut/Erth      13%        N/A       5%          2
 Swiftness                Air            16%        N/A       11%         3
 Vampiric Draining        Necr           16%        2d7       11%         3
 Fulminant Prism          Conj/Hex       14%        3d9       12%         4
 Anguish                  Hex/Necr       8%         N/A       34%         4
 Animate Dead             Necr           16%        N/A       34%         4
 Corpse Rot               Necr/Pois/Air  16%        N/A       34%         4
 Agony                    Necr           16%        N/A       69%         5
 Borgnjor's Vile Clutch   Necr/Erth      8%         N/A       69%         5
 Death Channel            Necr           8%         N/A       99%         6
 Simulacrum               Ice/Necr       8%         N/A       99%         6


Dungeon Overview and Level Annotations

Branches:
Dungeon (5/15)              Sewer (visited)
 Temple: D:4-7

Altars:
Fedhas
Gozag
Hepliaklqana
Kikubaaqudgha
Nemelex Xobeh
Ru

Annotations:
D:2 Sigmund, Terence
D:4 Pikel


Innate Abilities, Weirdness & Mutations

You have very sharp teeth.
Your uncanny sense of smell can sniff out nearby items.
Your experience applies equally to all skills.


Message History

You hit Pikel but do no damage. Your bite misses Pikel.
Pikel is lightly wounded.
Pikel zaps a wand.
Your mind is blasted!
You hit Pikel.
Pikel is lightly wounded.
Pikel says, "You'll rot in Tartarus!"
Pikel hits you with a +1 whip of freezing!
Pikel freezes you.
* * * LOW HITPOINT WARNING * * *
You hit Pikel. Your bite misses Pikel.
Pikel is lightly wounded.
Pikel hits you with a +1 whip of freezing.
* * * LOW HITPOINT WARNING * * *
Pikel freezes you.
* * * LOW HITPOINT WARNING * * *
Saving game... please wait.
Level annotation: Pikel Welcome back, croobank the Gnoll Conjurer.
Kikubaaqudgha says: Spread unending torment and darkness!
Press ? for a list of commands and other information.
Throw: dart (curare)
Press: ? - help, Q - select action, (/) - cycle Shift-Dir - straight line, f - Pikel
Aim: Pikel, wielding a +1 whip of freezing, wearing a +2 robe of fire resistance and carrying a wand of mindburst (4) (lightly wounded, 55% to hit)
You throw a curare-tipped dart.
The curare-tipped dart barely misses Pikel.
Pikel waves his whip at you.
Pikel hits you with a +1 whip of freezing.
* * * LOW HITPOINT WARNING * * *
Pikel freezes you.
* * * LOW HITPOINT WARNING * * *
Magic courses through your body. Pikel barely misses you.
Cast which spell? (? or * to list)
You erupt in a blast of force!
The mystic blast hits Pikel!
Pikel is heavily wounded.
Pikel is knocked back by the mystic blast.
Pikel slams into the rock wall!
You hear a shout!
Pikel hits you with a +1 whip of freezing!
You die...
Kikubaaqudgha rasps: "You have failed me!
Welcome... death!"

#.(..##.#.###
#.#####.#.# #.#
#.#.# #.# #.#.# ###
#.#####.#.####5##
........#.....#..
#..######.##.###5##
##'# #...## ##K#
#_# ####.###@##
##'# ##.#.## #..#
##.## #.####### #.#
∆ ........######.#
...............#
#####.#.######## #
.. # #. ∆


You could see Pikel.

Vanquished Creatures
  A phantom (D:4)
  A lemure (D:4)
  2 kobold brigands (Sewer)
  A bullfrog (D:4)
  An orc priest (D:3)
  An iguana (D:4)
  An orc wizard (D:3)
  11 adders
  7 river rats (Sewer)
  A white imp (D:4)
  3 worms
  4 dart slugs
  5 orcs (D:3)
  3 endoplasms (D:2)
  2 giant cockroaches (D:2)
  3 goblins (D:2)
  4 hobgoblins
  3 jackals (D:3)
  24 kobolds
  4 quokkas
  11 ball pythons
  6 bats
  6 frilled lizards
  23 rats
128 creatures vanquished.

Notes
Turn   | Place    | Note
-------+----------+-------------------------------------------
     0 | D:1      | croobank the Gnoll Conjurer began the quest for the Orb.
     0 | D:1      | Reached XP level 1. HP: 13/13 MP: 6/6
   329 | D:1      | Found a faded altar of an unknown god.
   332 | D:1      | Prayed at the altar of an unknown god.
   332 | D:1      | Became a worshipper of Kikubaaqudgha
   332 | D:1      | Reached * piety under Kikubaaqudgha
   332 | D:1      | Received a gift from Kikubaaqudgha
   500 | D:1      | Reached XP level 2. HP: 20/20 MP: 4/7
   503 | D:1      | Learned a level 2 spell: Searing Ray
   822 | D:2      | Found a blossoming altar of Fedhas.
   826 | D:2      | Noticed Sigmund
   838 | D:2      | Reached skill level 5 in Spellcasting
   838 | D:2      | Reached XP level 3. HP: 25/25 MP: 1/9
   926 | D:1      | Reached skill level 1 in Invocations
   998 | D:1      | Learned a level 3 spell: Dazzling Flash
  1030 | D:2      | Reached skill level 1 in Fighting
  1030 | D:2      | Reached skill level 1 in Short Blades
  1030 | D:2      | Reached skill level 1 in Long Blades
  1030 | D:2      | Reached skill level 1 in Axes
  1030 | D:2      | Reached skill level 1 in Maces & Flails
  1030 | D:2      | Reached skill level 1 in Polearms
  1030 | D:2      | Reached skill level 1 in Staves
  1030 | D:2      | Reached skill level 1 in Ranged Weapons
  1030 | D:2      | Reached skill level 1 in Throwing
  1030 | D:2      | Reached skill level 1 in Armour
  1030 | D:2      | Reached skill level 1 in Shields
  1030 | D:2      | Reached skill level 1 in Unarmed Combat
  1030 | D:2      | Reached skill level 1 in Evocations
  1406 | D:2      | Reached XP level 4. HP: 32/32 MP: 8/11
  1708 | D:2      | Noticed Terence
  1866 | D:2      | Reached skill level 1 in Hexes
  1866 | D:2      | Reached skill level 1 in Summonings
  1866 | D:2      | Reached skill level 1 in Necromancy
  1866 | D:2      | Reached skill level 1 in Translocations
  1866 | D:2      | Reached skill level 1 in Transmutations
  1866 | D:2      | Reached skill level 1 in Fire Magic
  1866 | D:2      | Reached skill level 1 in Ice Magic
  1866 | D:2      | Reached skill level 1 in Air Magic
  1866 | D:2      | Reached skill level 1 in Earth Magic
  1866 | D:2      | Reached skill level 1 in Poison Magic
  2433 | D:3      | Reached ** piety under Kikubaaqudgha
  2509 | D:3      | Reached XP level 5. HP: 37/37 MP: 12/12
  2514 | D:3      | Learned a level 4 spell: Iskenderun's Mystic Blast
  2666 | D:3      | Identified the +5 scale mail of Articulation {rF+ rC++
                  | Str-3 Slay+3}
  2678 | D:3      | Found a glowing drain.
  2692 | Sewer    | Entered a sewer
  2884 | Sewer    | Reached XP level 6. HP: 44/44 MP: 3/13
  3066 | Sewer    | Reached skill level 5 in Dodging
  3683 | Sewer    | Reached *** piety under Kikubaaqudgha
  3683 | Sewer    | Received a gift from Kikubaaqudgha
  3688 | Sewer    | Reached XP level 7. HP: 47/51 MP: 7/15
  4302 | D:3      | Found a hazy altar of Hepliaklqana.
  4302 | D:3      | Found a sacrificial altar of Ru.
  4786 | D:4      | Reached skill level 5 in Stealth
  4948 | D:4      | Found an opulent altar of Gozag.
  5117 | D:4      | Found a sparkling altar of Nemelex Xobeh.
  5135 | D:4      | Identified the +5 short sword "Tugey" {vorpal, Will+ Int+4}
  5193 | D:5      | Entered Level 5 of the Dungeon
  5255 | D:4      | Noticed Pikel
  5261 | D:4      | Slain by Pikel

Illustrated notes

Levels and vault maps discovered:
D:1:      scummos_arrival_hexagon, layout_basic,
          hellmonk_ecumenical_altar_inner_sanctum, minmay_tetromino_t2
D:2:      layout_basic, basic_altar, uniq_terence, uniq_sigmund
D:3:      layout_loops_ring, gammafunk_temple_overflow_elements,
          portal_sewer_entry_d
D:4:      layout_loops_ring, kennysheep_mini, zin_angel,
          nicolae_gozag_cash_rules_everything_around_me, serial_shops,
          shop_statue, minmay_manual_mares, uniq_pikel
D:5:      layout_loops_ring, vehumet_statue, serial_shops,
          nicolae_shop_overgrown_old_shop

Skill      XL: |  1  2  3  4  5  6  7 |
---------------+----------------------+-----
Spellcasting   | 5 |  5.7
Invocations    | 1 2 3 |  3.0
Fighting       | 1 2 |  2.6
Short Blades   | 1 2 |  2.6
Long Blades    | 1 2 |  2.6
Axes           | 1 2 |  2.6
Maces & Flails | 1 2 |  2.6
Polearms       | 1 2 |  2.6
Staves         | 1 2 |  2.6
Ranged Weapons | 1 2 |  2.6
Throwing       | 1 2 |  2.6
Armour         | 1 2 |  2.6
Shields        | 1 2 |  2.6
Unarmed Combat | 1 2 |  2.6
Evocations     | 1 2 |  2.6
Hexes          | 1 2 |  2.1
Summonings     | 1 2 |  2.1
Necromancy     | 1 2 |  2.1
Translocations | 1 2 |  2.1
Transmutations | 1 2 |  2.1
Fire Magic     | 1 2 |  2.1
Ice Magic      | 1 2 |  2.1
Air Magic      | 1 2 |  2.1
Earth Magic    | 1 2 |  2.1
Poison Magic   | 1 2 |  2.1
Dodging        | 5 |  5.3
Stealth        | 5 |  5.0
Conjurations   | |  7.4

Action                   |  1- 3 |  4- 6 |  7- 9 || total
-------------------------+-------+-------+-------++-------
Melee: Dagger            |     2 |    39 |    22 ||    63
       Bite              |       |     2 |     6 ||     8
       Short sword       |       |       |    10 ||    10
       Punch             |       |       |     1 ||     1
Throw: Dart              |       |       |     1 ||     1
 Cast: Magic Dart        |    26 |    85 |       ||   111
       Searing Ray       |     5 |    29 |     3 ||    37
       Dazzling Flash    |     1 |     5 |     2 ||     8
       Iskenderun's Myst |       |     1 |    10 ||    11
  Use: Potion            |     4 |       |     1 ||     5
       Scroll            |       |     7 |       ||     7
 Stab: Sleeping          |     1 |     6 |     6 ||    13
       Invisible         |       |     5 |       ||     5
Armor: Robe              |     4 |     6 |     2 ||    12
Dodge: Dodged            |    18 |    47 |    17 ||    82
